Map: [TLMC15] Hardwire

Players

Serral - Winner!

  • Race: Zerg Zerg

Dream

  • Race: Terran Terran

Event: DreamHack SC2 Masters Last Chance 2022

VOD

Have the link to the VOD?

Description

Time

  • Played on: Jan. 14, 2022, 11:49 a.m.
  • Length: 19:33

All games in this series

Show
View Real Time Build Order
Export as new Build Order

Serral Zerg - Winner!

Build Orders: Pool First, Swarm Host 

Get SALT Encoding   

  12  0:00  Drone  
  13  0:12  Overlord  
  13  0:17  Drone  
  14  0:30  Drone x2  
  16  0:40  Spawning Pool  
  15  0:44  Drone  
  15  0:47  Drone  
  17  1:08  Hatchery  
  17  1:10  Drone  
  17  1:27  Zergling x4  
  17  1:28  Zergling x2  
  17  1:29  Queen  
  17  1:31  Extractor  
  21  1:38  Overlord  
  21  1:50  Drone  
  22  2:00  Drone  
  23  2:05  Queen  
  25  2:10  Drone  
  26  2:21  Drone x2, Queen  
  30  2:33  Drone x2  
  30  2:34  Metabolic Boost  
  32  2:38  Drone x2  
  35  2:44  Drone x2  
  35  2:49  Overlord  
  36  3:07  Hatchery  
  36  3:11  Overlord  
  35  3:13  Drone x2  
  35  3:14  Drone  
  35  3:16  Drone  
  40  3:20  Drone  
  40  3:25  Drone x3  
  40  3:27  Drone  
  43  3:32  Queen  
  45  3:38  Queen  
  47  3:42  Overlord  
  47  3:44  Drone  
  47  3:46  Drone  
  49  3:50  Zergling x4  
  49  3:55  Zergling x2  
  52  3:57  Baneling Nest  
  52  3:58  Drone  
  52  4:01  Zergling x2  
  53  4:03  Drone x2  
  53  4:04  Drone  
  56  4:10  Overlord  
  56  4:11  Zergling x2  
  56  4:13  Drone  
  56  4:14  Overlord  
  58  4:23  Overlord x2  
  58  4:28  Queen x2  
  58  4:30  Drone  
  63  4:37  Zergling x4  
  65  4:39  Drone x3  
  65  4:42  Drone  
  65  4:44  Baneling x2  
  68  4:46  Lair  
  68  4:47  Drone x2  
  68  4:48  Drone  
  68  4:51  Drone x2  
  73  4:56  Drone x3  
  73  4:57  Extractor  
  75  5:00  Zergling x2  
  75  5:04  Queen  
  78  5:08  Spore Crawler  
  78  5:10  Spore Crawler  
  78  5:11  Drone x5  
  81  5:15  Zergling x2, Spore Crawler  
  81  5:22  Extractor x2  
  81  5:23  Overlord  
  81  5:24  Drone x3  
  81  5:25  Drone x2  
  84  5:32  Overlord  
  84  5:33  Drone  
  84  5:34  Drone  
  86  5:37  Zergling x6  
  86  5:40  Queen  
  91  5:44  Evolution Chamber x2  
  91  5:48  Spire  
  90  5:51  Drone  
  90  5:52  Drone x4, Extractor x2  
  90  5:55  Drone x2  
  95  5:57  Drone x3  
  97  6:05  Zergling x2  
  102  6:15  Zergling x2  
  102  6:18  Drone x7  
  90  6:27  Drone x3  
  90  6:29  Drone x2  
  90  6:31  Drone x2  
  92  6:35  Zergling x2  
  92  6:36  Zergling x2  
  87  6:42  Drone  
  87  6:43  Zergling x8  
  87  6:44  Evolution Chamber  
  92  6:50  Overlord  
  92  6:58  Overlord  
  92  7:02  Zerg Flyer Weapons Level 1  
  92  7:04  Mutalisk x4  
  99  7:12  Hatchery  
  99  7:13  Mutalisk x6  
  110  7:19  Overlord  
  110  7:26  Zergling x10  
  113  7:31  Evolution Chamber  
  113  7:33  Mutalisk x2  
  113  7:34  Infestation Pit  
  115  7:38  Baneling x3  
  115  7:42  Mutalisk  
  117  7:46  Drone  
  117  7:47  Drone x7  
  125  7:52  Drone x3  
  128  8:03  Overlord x3  
  125  8:05  Overlord  
  125  8:11  Zerg Missile Weapons Level 1  
  125  8:12  Overlord  
  125  8:15  Spore Crawler, Extractor  
  125  8:16  Extractor  
  116  8:21  Drone  
  116  8:22  Drone x5  
  122  8:27  Overlord x2  
  122  8:29  Mutalisk x6  
  130  8:38  Mutalisk x2  
  130  8:40  Zergling x12  
  130  8:41  Zergling x4  
  142  8:45  Centrifugal Hooks  
  142  8:50  Overlord x2  
  142  8:55  Hatchery  
  141  8:58  Mutalisk x2  
  145  9:03  Overlord  
  145  9:09  Mutalisk x3  
  151  9:15  Drone x2  
  151  9:16  Mutalisk  
  153  9:19  Overlord x2  
  153  9:20  Zergling x14  
  162  9:31  Pneumatized Carapace, Overseer  
  162  9:36  Extractor  
  162  9:38  Extractor  
  160  9:39  Swarm Host x5  
  160  9:44  Baneling x2  
  160  9:45  Baneling  
  175  9:52  Swarm Host x3  
  180  9:59  Swarm Host  
  178  10:00  Swarm Host  
  178  10:05  Spine Crawler  
  183  10:07  Swarm Host x2  
  183  10:13  Swarm Host  
  183  10:14  Swarm Host  
  189  10:18  Drone  
  189  10:19  Drone x3  
  197  10:25  Zerg Missile Weapons Level 2  
  197  10:27  Baneling x6, Evolution Chamber  
  197  10:28  Baneling x4  
  196  10:30  Spore Crawler  
  196  10:32  Spore Crawler  
  196  10:34  Spore Crawler  
  193  10:42  Swarm Host  
  193  10:43  Swarm Host  
  193  10:44  Baneling x8  
  189  11:07  Mutalisk x5  
  189  11:10  Zergling x18  
  199  11:15  Spore Crawler  
  199  11:17  Zergling x2  
  199  11:19  Zerg Melee Weapons Level 1  
  199  11:20  Hive  
  199  11:23  Zerg Flyer Weapons Level 2  
  199  11:24  Zergling x8  
  199  11:29  Baneling x15  
  199  11:30  Baneling  
  193  11:36  Zergling x12  
  193  11:43  Zergling x2  
  193  11:44  Zergling x16  
  199  11:49  Baneling x12  
  199  12:08  Roach Warren  
  198  12:17  Baneling x2  
  198  12:18  Overseer x2, Baneling x5  
  191  12:23  Swarm Host x6  
  191  12:29  Zergling x24  
  200  12:50  Baneling x23  
  196  12:51  Zergling x2  
  196  12:52  Zergling x6  
  183  13:05  Zergling x2  
  183  13:06  Zergling x30  
  183  13:10  Zergling x20  
  195  13:14  Mutalisk  
  193  13:20  Overlord  
  193  13:21  Overlord  
  193  13:23  Overlord  
  193  13:26  Mutalisk x4  
  181  13:36  Overlord  
  179  13:41  Mutalisk x5  
  189  13:55  Baneling x13  
  186  14:04  Mutalisk x6  
  192  14:15  Adrenal Glands  
  192  14:16  Zerg Missile Weapons Level 3  
  192  14:18  Zerg Ground Armor Level 1  
  192  14:25  Baneling x4  
  166  14:53  Mutalisk x12  
  166  14:59  Zerg Flyer Armor Level 1  
  172  15:06  Glial Reconstitution  
  170  15:08  Roach x7  
  182  15:15  Roach  
  182  15:16  Roach x4  
  192  15:27  Overseer  
  192  15:30  Ravager x7  
  192  15:31  Overseer  
  192  15:33  Hatchery  
  191  15:36  Drone x2  
  191  15:41  Drone  
  191  15:42  Drone  
  195  15:44  Nydus Network  
  195  15:45  Ravager  
  195  15:46  Ravager  
  196  15:55  Ravager  
  196  15:56  Ravager x2, Baneling x2  
  199  16:09  Burrow  
  194  16:26  Nydus Canal  
  184  16:33  Roach x7  
  184  16:37  Roach x2  
  196  16:52  Roach x2  
  196  16:53  Roach x2  
  200  17:01  Zerg Melee Weapons Level 2  
  200  17:02  Zerg Ground Armor Level 2  
  173  17:12  Roach x5  
  173  17:13  Ravager x10  
  173  17:15  Queen x4, Spine Crawler  
  197  17:27  Overseer x2  
  197  17:38  Roach  
  199  17:44  Nydus Canal  
  199  17:46  Hatchery  
  195  17:57  Zergling x14  
  195  18:25  Zergling x14  
  198  18:30  Ravager, Baneling x6  
  199  18:41  Zergling x4, Roach x4  
  199  19:05  Hatchery  
  199  19:08  Zergling x24  
  199  19:09  Zergling x6  
  196  19:13  Roach x2  
Show
View Real Time Build Order
Export as new Build Order

Dream Terran 

Build Orders: Reaper Expand, Mech 

Get SALT Encoding   

  12  0:00  SCV  
  13  0:12  SCV  
  14  0:16  Supply Depot  
  14  0:24  SCV  
  15  0:38  SCV  
  15  0:40  Barracks  
  16  0:43  Refinery  
  16  0:50  SCV  
  17  1:02  SCV  
  18  1:14  SCV  
  19  1:27  Reaper, Orbital Command  
  20  1:38  Command Center  
  20  1:52  Supply Depot, SCV  
  21  1:59  Marine  
  22  2:03  Factory  
  22  2:06  SCV  
  23  2:18  SCV  
  23  2:20  Barracks Reactor  
  24  2:30  SCV  
  24  2:35  Command Center  
  25  2:42  SCV  
  26  2:51  Orbital Command  
  26  2:54  SCV  
  26  2:58  Starport  
  27  3:02  Hellion  
  29  3:08  Hellion  
  31  3:13  Refinery  
  31  3:18  SCV  
  32  3:23  SCV  
  33  3:31  SCV  
  33  3:33  Hellion, Refinery  
  36  3:35  SCV  
  36  3:38  Viking  
  39  3:43  SCV  
  40  3:49  SCV, Orbital Command  
  40  3:54  Hellion  
  43  3:56  SCV  
  43  4:01  SCV  
  45  4:05  Barracks Tech Lab  
  45  4:06  Fusion Core  
  45  4:08  SCV  
  46  4:11  Starport Tech Lab  
  46  4:13  SCV  
  46  4:15  SCV  
  46  4:16  Hellion  
  50  4:19  Hellion  
  50  4:20  SCV  
  53  4:25  SCV  
  53  4:27  SCV  
  55  4:32  SCV  
  55  4:36  Supply Depot  
  55  4:38  Supply Depot, SCV, Refinery  
  57  4:47  SCV  
  57  4:50  SCV  
  59  4:57  Hellion, Battlecruiser, Orbital Command  
  59  4:58  Hellion  
  70  5:00  SCV  
  70  5:01  Supply Depot  
  70  5:02  SCV  
  71  5:12  Supply Depot, SCV, Refinery  
  72  5:15  SCV  
  72  5:17  Factory, Refinery  
  72  5:20  Factory  
  73  5:24  SCV  
  73  5:26  Hellion x2  
  73  5:27  SCV  
  73  5:28  SCV  
  80  5:31  Supply Depot  
  80  5:34  Weapon Refit  
  80  5:36  SCV  
  80  5:39  SCV  
  80  5:42  SCV  
  83  5:44  Supply Depot  
  83  5:48  SCV  
  84  5:51  SCV  
  84  5:53  Hellion x2  
  84  5:54  SCV  
  90  6:00  SCV  
  90  6:03  SCV  
  92  6:04  Battlecruiser  
  92  6:09  SCV  
  99  6:12  SCV  
  99  6:14  Factory Tech Lab  
  99  6:15  SCV  
  101  6:23  SCV  
  100  6:29  Hellion x2  
  94  6:33  SCV  
  94  6:34  SCV  
  94  6:38  Siege Tank x2  
  102  6:42  SCV, Engineering Bay  
  102  6:43  Armory x2  
  102  6:45  SCV  
  104  6:47  SCV  
  105  6:55  Factory  
  105  6:56  Hellion x2, Supply Depot  
  105  6:57  Factory  
  105  7:00  Supply Depot  
  109  7:14  Supply Depot  
  109  7:15  Supply Depot  
  109  7:18  SCV x2  
  109  7:23  Battlecruiser  
  109  7:25  Supply Depot  
  109  7:28  Siege Tank x2  
  109  7:29  Widow Mine x2  
  125  7:35  Missile Turret  
  125  7:37  Terran Vehicle Weapons Level 1, Terran Vehicle And Ship Armor Level 1  
  125  7:38  Missile Turret  
  125  7:45  Missile Turret  
  125  7:46  Factory Reactor, Factory Tech Lab  
  125  7:50  Command Center  
  125  7:54  SCV x3  
  125  7:55  Hellion x2  
  117  8:06  Missile Turret  
  117  8:07  Missile Turret  
  111  8:13  Cyclone x2  
  111  8:15  Cyclone  
  119  8:20  SCV  
  119  8:23  SCV x2  
  122  8:32  SCV  
  123  8:35  SCV x2  
  125  8:44  SCV  
  125  8:47  SCV  
  125  8:48  Widow Mine x4  
  135  8:49  Thor  
  135  8:50  Cyclone x2  
  135  8:52  Infernal Pre-Igniter, Mag-Field Accelerator  
  147  8:56  SCV x2  
  147  9:01  Supply Depot x2  
  149  9:04  Supply Depot  
  149  9:06  Orbital Command  
  149  9:09  Missile Turret  
  145  9:12  SCV x3  
  147  9:17  Supply Depot, Hellion x2  
  147  9:18  Hellion  
  147  9:19  Widow Mine x2  
  147  9:20  Widow Mine x2  
  147  9:23  Missile Turret  
  155  9:27  Thor  
  155  9:30  Cyclone  
  164  9:32  Terran Vehicle Weapons Level 2, Terran Vehicle And Ship Armor Level 2  
  164  9:33  Supply Depot  
  164  9:52  Thor  
  170  9:57  Missile Turret, Command Center, Widow Mine, Hellion x2  
  170  9:58  Widow Mine  
  172  10:04  Thor  
  178  10:10  Supply Depot  
  178  10:11  Thor  
  184  10:20  Factory  
  184  10:24  Hellion x3  
  184  10:25  Hellion  
  184  10:26  Missile Turret  
  184  10:27  Factory  
  192  10:29  Orbital Command  
  192  10:31  Starport Reactor  
  192  10:40  Missile Turret  
  192  10:42  Missile Turret, Sensor Tower  
  192  10:50  Sensor Tower  
  192  10:54  Orbital Command  
  182  11:09  SCV x4  
  165  11:11  Hellion x2  
  165  11:12  Hellion, Factory Reactor  
  165  11:13  Hellion  
  165  11:18  Siege Tank x4  
  185  11:24  Refinery  
  185  11:27  Refinery  
  185  11:36  Orbital Command  
  183  11:42  Hellion x3  
  183  11:49  Hellion  
  183  11:50  Missile Turret, Siege Tank, Cyclone x3  
  183  11:51  Missile Turret  
  197  12:02  Hellion  
  199  12:13  Command Center  
  199  12:14  Terran Vehicle And Ship Armor Level 3, Terran Vehicle Weapons Level 3  
  195  12:29  Siege Tank x3  
  189  12:30  Hellion x4  
  189  12:32  Hellion  
  189  12:35  Hellion  
  184  12:56  Thor  
  190  13:00  Hellion x2, Thor  
  195  13:07  Hellion  
  195  13:08  Hellion x2  
  175  13:14  Siege Tank x2  
  175  13:15  Hellion  
  168  13:21  Hellion  
  168  13:26  Hellion  
  146  13:35  Widow Mine x3  
  146  13:40  Siege Tank  
  145  13:43  Thor  
  145  13:46  Missile Turret, Widow Mine x2, Thor  
  145  13:47  Missile Turret  
  145  13:48  Sensor Tower  
  161  13:53  Thor  
  157  14:07  Widow Mine, Hellion x2  
  152  14:11  Thor  
  152  14:13  Sensor Tower  
  158  14:19  Hellion x2  
  162  14:26  Thor  
  162  14:29  Hellion  
  164  14:42  Hellion x2  
  164  14:44  Hellion  
  170  14:50  Hellion x2  
  157  14:54  Thor  
  157  14:55  Thor  
  157  14:57  Hellion x2  
  163  15:03  Widow Mine  
  163  15:06  Hellion  
  165  15:08  Hellion  
  165  15:09  Thor  
  165  15:12  Hellion  
  165  15:13  Sensor Tower  
  175  15:14  Hellion  
  177  15:29  Thor  
  177  15:33  Hellion x2  
  177  15:34  Hellion  
  181  15:38  Hellion  
  181  15:42  Planetary Fortress  
  179  15:46  Refinery  
  179  15:47  Refinery  
  177  15:53  SCV x5  
  182  16:05  SCV  
  177  16:21  Thor  
  177  16:22  Widow Mine  
  177  16:23  Missile Turret  
  177  16:24  SCV  
  177  16:25  SCV x3  
  189  16:26  Thor  
  189  16:27  Widow Mine  
  169  16:40  Thor x2  
  168  16:54  Hellion x3  
  168  16:55  Hellion x2  
  164  17:05  Cyclone  
  164  17:08  Widow Mine  
  154  17:10  Cyclone  
  151  17:16  Orbital Command  
  151  17:19  Hellion x4  
  161  17:23  Hellion, Siege Tank, Thor  
  161  17:24  Orbital Command  
  161  17:29  Hellion  
  170  17:35  Hellion  
  170  17:37  Siege Tank  
  170  17:41  Thor  
  170  17:42  Widow Mine  
  178  17:50  Refinery  
  174  17:58  Siege Tank  
  177  18:06  Hellion, Siege Tank  
  177  18:09  Siege Tank  
  157  18:24  Siege Tank  
  160  18:27  Hellion x3  
  160  18:31  Siege Tank  
  165  18:38  Siege Tank  
  165  18:41  Siege Tank  
  158  18:43  Hellion  
  160  18:50  Hellion x2  
  164  18:57  Siege Tank  

Tags
 
Add a new tag
Caveats
  • Supply blocks, unpowered buildings, or Contaminate may cause inaccurate times.
  • Supply counts are checked every 10 seconds.